[gd_scene load_steps=11 format=2]

[ext_resource path="res://Scripts/PlayerController.cs" type="Script" id=1]
[ext_resource path="res://Assets/GFX/Players/bunny2_walk1.png" type="Texture" id=2]
[ext_resource path="res://Assets/GFX/Players/bunny2_walk2.png" type="Texture" id=3]
[ext_resource path="res://Assets/GFX/Players/bunny2_stand.png" type="Texture" id=4]
[ext_resource path="res://Assets/GFX/Players/bunny2_ready.png" type="Texture" id=5]
[ext_resource path="res://Assets/GFX/Players/bunny2_jump.png" type="Texture" id=6]
[ext_resource path="res://Assets/GFX/Players/bunny2_hurt.png" type="Texture" id=7]
[ext_resource path="res://Scripts/PlayerAnimator.cs" type="Script" id=8]


[sub_resource type="SpriteFrames" id=1]
animations = [ {
"frames": [ ExtResource( 2 ), ExtResource( 3 ) ],
"loop": true,
"name": "Run",
"speed": 7.0
}, {
"frames": [ ExtResource( 4 ), ExtResource( 5 ) ],
"loop": true,
"name": "Idle",
"speed": 3.0
}, {
"frames": [ ExtResource( 6 ) ],
"loop": true,
"name": "Jump",
"speed": 5.0
}, {
"frames": [ ExtResource( 7 ) ],
"loop": true,
"name": "Hurt",
"speed": 5.0
} ]

[sub_resource type="CapsuleShape2D" id=2]
radius = 60.9592
height = 33.7596

[node name="Player" type="KinematicBody2D"]
position = Vector2( 0, 0.418121 )
collision_mask = 6
collision/safe_margin = 0.01
script = ExtResource( 1 )
__meta__ = {
"_edit_group_": true
}

[node name="AnimatedSprite" type="AnimatedSprite" parent="."]
frames = SubResource( 1 )
animation = "Idle"
script = ExtResource( 8 )

[node name="CollisionShape2D" type="CollisionShape2D" parent="."]
position = Vector2( 0, 22.799 )
shape = SubResource( 2 )
one_way_collision_margin = 0.0

